 Dungeon Sprint DCSS version 0.31-a0-1-g4198be8af4 (webtiles) character file.

Game seed: 9239975954332904985

6 sircluck the Ducker (level 1, -3/10 HPs)
             Began as a Felid Berserker on May 2, 2023.
             Was a Believer of Trog.
             Slain by an iguana (13 damage)
             ... in the Dungeon (Sprint IX: "|||||||||||||||||||||||||||||").
             The game lasted 00:00:12 (51 turns).

sircluck the Ducker (Felid Berserker)                 Turns: 51, Time: 00:00:13

Health: -3/10      AC:  1    Str: 13    XL:     1   Next: 75%
Magic:  2/2        EV: 19    Int:  8    God:    Trog [**....]
Gold:   0          SH:  0    Dex: 15    Spells: 0/0 levels left
                                        Lives:  0   Deaths: 0

rFire   . .          .
                       - Unarmed
rCold   . . .        (shield unavailable)
rNeg    . . .        (body armour unavailable)
rPois   .            (helmet unavailable)
rElec   .            (cloak unavailable)
rCorr   .            (gloves unavailable)
SInv    +            (boots unavailable)
Will    ++...        (no amulet)
Stlth   +            (no ring)
HPRegen 1.21/turn    (no ring)
MPRegen 0.08/turn

%: no teleportation
@: strong-willed, regenerating, quick
A: very small, claws 1, fangs 3, see invisible, speed 1, shaggy fur 1, stealthy
paws, no weapons or thrown items, no armour, multi-lived
a: Renounce Religion, Berserk, Trog's Hand


You were in the Dungeon.
You worshipped Trog.
Trog was pleased with you.
You visited 1 branch

Inventory:

Scrolls
 f - a scroll of blinking
Potions
 a - a potion of curing
 b - a potion of heal wounds
 c - a potion of haste
 d - 2 potions of magic
 e - a potion of berserk rage


   Skills:
 + Level 3.5 Fighting
 + Level 5.2 Dodging
 + Level 3.4 Unarmed Combat


You couldn't memorise any spells.
You didn't know any spells.
Your spell library was empty.

Dungeon Overview and Level Annotations

Branches:
Dungeon (1/1)

Altars:


Innate Abilities, Weirdness & Mutations

You have sharp claws.
You have razor-sharp teeth.
You have supernaturally acute eyesight. (SInv)
You cover ground quickly. (Speed+)
You are covered in fur. (AC +1)
Your paws help you pounce on unaware monsters.
You are incapable of wielding weapons or throwing items.
You cannot wear armour.
You gain extra lives every three experience levels.


Message History

The giant cockroach is severely wounded.
The giant cockroach bites you.
You are too injured to fight recklessly!
You scratch the giant cockroach but do no damage.
You bite the giant cockroach.
The giant cockroach is almost dead.
The giant cockroach misses you.
You scratch the giant cockroach.
You kill the giant cockroach!
Trog accepts your kill.
You can now call upon Trog for regeneration and willpower.
You claw the ball python!
You kill the ball python!
Trog accepts your kill.
Your Dodging skill increases to level 5!
The endoplasm barely misses you.
There is an open door to the Dungeon, spattered with blood here.
You see here a rat corpse.
You scratch the endoplasm.
The endoplasm is moderately wounded.
The endoplasm misses you.
You claw the endoplasm!
You kill the endoplasm!
Trog accepts your kill.
There is an open door to the Dungeon, spattered with blood here.
You see here a rat corpse.
There is an open door to the Dungeon, spattered with blood here.
You see here a rat corpse.
You open the door.
A black bear, 2 hounds, an orc and an iguana come into view.
The black bear growls angrily.
The hound barks! x2; The orc shouts!
The iguana hisses angrily.
There is an open door to the Dungeon, spattered with blood here.
You see here a rat corpse.
There is a staircase leading out of the dungeon here.
Your skin crawls.
You feel strong-willed. The iguana bites you!
Ouch! That really hurt!
You die...

▓.▓
▓h▓
▓.▓
▓h▓
▓h▓
▓o▓
▓.▓
▓l▓
▓@▓
▓<▓
▓▓▓


You could see a black bear, an iguana, 2 hounds and an orc.

Vanquished Creatures
  A ball python (D)
  An endoplasm (D)
  A giant cockroach (D)
  A hobgoblin (D)
  A rat (D)
5 creatures vanquished.

Notes
Turn   | Place    | Note
-------+----------+-------------------------------------------
     0 | D        | sircluck the Felid Berserker began the quest for the Orb.
     0 | D        | Reached XP level 1. HP: 10/10 MP: 2/2
    16 | D        | Reached ** piety under Trog
    18 | D        | Reached skill level 5 in Dodging
    40 | D        | Noticed a black bear
    40 | D        | Noticed a hound
    40 | D        | Noticed a hound
    40 | D        | Noticed an iguana
    51 | D        | Slain by an iguana

Illustrated notes

Levels and vault maps discovered:
D:        linesprint [early_d, line_temple, items_1, d_10, items_2, lair_1,
          lair_end, items_3, orc_1, orc_end, items_4, d_15, swamp_1, shoals_1,
          snake_1, spider_1, d_20, vaults_1, items_5, swamp_end, shoals_end,
          snake_end, spider_end, vaults_end, d_27, items_6, zot_1, zot_end,
          crypt_end, forest_end, elf_end, slime_end, tomb_end, abyss_end,
          pan_hell_end]

Skill      XL: |  1 |
---------------+----+-----
Dodging        | 5 |  5.2
Fighting       | |  3.5
Unarmed Combat | |  3.4

Action                     || total
---------------------------++-------
  Melee: Unarmed           ||    16
         Bite              ||     4
 Invoke: Trog's Hand       ||     1
  Dodge: Dodged            ||    10

Table legend: (Time is in decaauts)
 A = Elapsed time spent in this place.
 B = Non-inter-level travel time spent in this place.
 C = Inter-level travel time spent in this place.
 D = Time resting spent in this place.
 E = Time spent auto-exploring this place.
 F = Levels seen in this place.
 G = Mean time per level.
                   A        B        C        D        E       F      G
               +--------+--------+--------+--------+--------+-----+--------+
         Total |     43 |     43 |      0 |      0 |      2 |   1 |   43.0 |
       Dungeon |     43 |     43 |      0 |      0 |      2 |   1 |   43.0 |
               +--------+--------+--------+--------+--------+-----+--------+

Top non-repeatable levels by time:
       D: 43 daAuts
